 Dungeon Crawl Stone Soup version 0.30.1-9-gdf580d7c3d (webtiles) character file.

Game seed: 6174049621763126814

179 ChiefBigBeans the Trooper (level 5, -4/43 HPs)
             Began as a Demonspawn Fighter on Oct 5, 2023.
             Was a Plaything of Xom.
             Slain by Crazy Yiuf
             ... wielding a +2 quarterstaff of chaos
              (9 damage)
             ... on level 3 of the Dungeon.
             The game lasted 00:03:57 (2689 turns).

ChiefBigBeans the Trooper (Demonspawn Fighter)      Turns: 2689, Time: 00:03:57

Health: -4/43      AC:  6    Str: 17    XL:     5   Next: 33%
Magic:  5/5        EV: 14    Int:  9    God:    Xom [..*...]
Gold:   258        SH:  5    Dex: 14    Spells: 4/4 levels left

rFire   . . .        a - +0 war axe
rCold   . . .        c - +0 buckler
rNeg    . . .        l - +0 scale mail {Will+}
rPois   .            (no helmet)
rElec   .            (no cloak)
rCorr   .            (no gloves)
SInv    .            (no boots)
Will    +....        i - amulet of the acrobat Stlth
                     f - ring of wizardry
HPRegen 0.27/turn    (no ring)
MPRegen 0.09/turn

%: acrobat, wizardry (x1)
@: agile
A: demonic magic 2
a: Renounce Religion


You were on level 3 of the Dungeon.
You worshipped Xom.
You were a toy of Xom.
You visited 1 branch of the dungeon, and saw 3 of its levels.

You collected 258 gold pieces.

Inventory:

Hand Weapons
 a - a +0 war axe (weapon)
Armour
 b - a +0 scale mail
 c - a +0 buckler (worn)
 l - a +0 scale mail of willpower (worn)
Jewellery
 f - a ring of wizardry (left hand)
 i - an amulet of the acrobat (around neck)
 o - a ring of see invisible
Wands
 p - a wand of iceblast (9)
Scrolls
 g - a scroll of identify
 k - a scroll of teleportation
 m - a scroll of poison {unknown}
Potions
 d - a potion of might
 e - 3 potions of heal wounds
 h - a potion of brilliance {unknown}
 j - a potion of invisibility {unknown}
 n - 2 potions of attraction {unknown}
 q - a potion of curing
 r - a potion of haste


   Skills:
 + Level 4.7 Fighting
 - Level 1.7 Axes
 - Level 2.6 Armour
 + Level 4.3 Shields


You had 4 spell levels left.
You didn't know any spells.
Your spell library contained the following spells:

 Spells                   Type           Power      Damage    Failure   Level
 Apportation              Tloc           0%         N/A       52%         1
 Shock                    Conj/Air       0%         1d3       52%         1
 Swiftness                Air            0%         N/A       87%         3
 Airstrike                Air            0%         2d(0-16)  99%         4
 Alistair's Intoxication  Tmut/Pois      0%         N/A       100%        5


Dungeon Overview and Level Annotations

Branches:
Dungeon (3/15)

Altars:
Ashenzari
Makhleb
Ru
Xom

Annotations:
D:3 Crazy Yiuf


Innate Abilities, Weirdness & Mutations

Spells you cast may paralyse nearby enemies.


Message History

You open the door.
There is an open door here.
There is an open door here.
There is an open door here.
You now have 243 gold pieces (gained 14).
Found a stone staircase leading up.
You now have 258 gold pieces (gained 15).
There is an open door here.
There is an open door here.
Found a hammer.
Found a runed translucent door.
Crazy Yiuf shouts!
There is a stone staircase leading up here.
You see here a +0 mace.
There is a stone staircase leading down here.
r - a potion of haste
There is a stone staircase leading down here.
You see here a +0 mace.
There is an open door here.
Crazy Yiuf shouts!
Crazy Yiuf waves his quarterstaff at you.
You open the door. You hit Crazy Yiuf.
Crazy Yiuf is lightly wounded.
You block Crazy Yiuf's attack.
You hit Crazy Yiuf but do no damage.
Crazy Yiuf is lightly wounded.
Crazy Yiuf hits you with a +2 quarterstaff of chaos!
Crazy Yiuf burns you.
Crazy Yiuf hits you with a +2 quarterstaff of chaos!
You feel agile all of a sudden.
Xom thinks this is hilarious!
You hit Crazy Yiuf.
Crazy Yiuf is moderately wounded.
Crazy Yiuf hits you with a +2 quarterstaff of chaos!
* * * LOW HITPOINT WARNING * * *
You resist with almost no effort.
You hit Crazy Yiuf but do no damage.
Crazy Yiuf is moderately wounded.
Crazy Yiuf hits you with a +2 quarterstaff of chaos!
You die...

#.....'....#..#.......#
#....##....##.'.......#
#....##....####.......#
#.########## ####....#
##.# #....# #..##♣♣♣♣♣
#..>.# #.#....♣.♣♣♣ ###
#....#
#.......♣..♣#...#
#....#
#......♣♣♣♣@g...#
#...## ##....♣♣ ♣♣#..)#
##### ####♣♣ ###


You could see Crazy Yiuf.

Vanquished Creatures
  Ijyb (D:3)
  3 gnolls (D:2)
  7 adders
  2 worms
  6 ball pythons
  5 endoplasms
  4 giant cockroaches
  5 goblins
  3 hobgoblins (D:1)
  7 kobolds
  2 quokkas
  4 bats
  7 frilled lizards
  4 rats (D:1)
  A spectral goblin (D:2)
61 creatures vanquished.

Notes
Turn   | Place    | Note
-------+----------+-------------------------------------------
     0 | D:1      | ChiefBigBeans the Demonspawn Fighter began the quest for
                  | the Orb.
     0 | D:1      | Reached XP level 1. HP: 18/18 MP: 1/1
    47 | D:1      | Gained mutation: Spells you cast may paralyse adjacent
                  | enemies. [demonic ancestry]
    47 | D:1      | Reached XP level 2. HP: 24/24 MP: 2/2
   361 | D:1      | Reached XP level 3. HP: 28/29 MP: 3/3
   663 | D:2      | Found a faded altar of an unknown god.
   925 | D:2      | Reached XP level 4. HP: 15/37 MP: 4/4
  1821 | D:3      | Gained mutation: Spells you cast may paralyse nearby
                  | enemies. [demonic ancestry]
  1821 | D:3      | Reached XP level 5. HP: 36/43 MP: 5/5
  2118 | D:3      | Noticed Ijyb
  2144 | D:3      | Killed Ijyb
  2264 | D:3      | Found a shimmering altar of Xom.
  2266 | D:3      | Found a shimmering altar of Xom.
  2266 | D:3      | Found a burning altar of Makhleb.
  2270 | D:3      | Found a sacrificial altar of Ru.
  2270 | D:3      | Found a broken altar of Ashenzari.
  2270 | D:3      | Found a broken altar of Ashenzari.
  2285 | D:3      | Became a worshipper of Xom the Chaotic
  2577 | D:3      | Found a runed translucent door.
  2578 | D:3      | Noticed Crazy Yiuf
  2689 | D:3      | Slain by Crazy Yiuf

Illustrated notes

Levels and vault maps discovered:
D:1:      tarquinn_simple_flora_water_a, layout_basic
D:2:      layout_loops_corners, dreamdust_ecumenical_altar_drowned_temple
D:3:      layout_basic, doesnt_xom_only_xom, uniq_crazy_yiuf_cottage, uniq_ijyb

Skill      XL: |  1  2  3  4 |
---------------+-------------+-----
Shields        | 3 4 |  4.3
Fighting       | 4 |  4.7
Axes           | |  1.7
Armour         | |  2.6

Action                     |  1- 3 |  4- 6 || total
---------------------------+-------+-------++-------
  Melee: War axe           |    91 |   160 ||   251
    Use: Scroll            |     3 |     2 ||     5
         Potion            |     2 |     1 ||     3
 Armour: Scale mail        |    46 |    74 ||   120
  Dodge: Dodged            |    49 |    71 ||   120
  Block: Buckler           |    19 |    53 ||    72
